 Dungeon Crawl Stone Soup version 0.22-a0-605-g9281fa2 (webtiles) character file.

26477 Amnesiac the Transmogrifier (level 12, 0/91 HPs)
             Began as a Deep Elf Transmuter on July 8, 2018.
             Was an Elder of Vehumet.
             Slain by a seven-headed hydra (4 damage)
             ... on level 5 of the Lair of Beasts.
             The game lasted 00:36:49 (18686 turns).

Amnesiac the Transmogrifier (Deep Elf Transmuter)  Turns: 18686, Time: 00:36:50

Health: 0/91       AC:  7    Str: 11    XL:     12   Next: 98%
Magic:  0/38       EV: 15    Int: 24    God:    Vehumet [****..]
Gold:   607        SH:  0    Dex: 15    Spells: 9/34 levels left

rFire    x . .     SeeInvis .     - Unarmed
rCold    + + +     Gourm    .   (shield currently unavailable)
rNeg     . . .     Faith    .   (armour currently unavailable)
rPois    +         Spirit   +   (helmet currently unavailable)
rElec    .         Reflect  .   (cloak currently unavailable)
rCorr    .         Harm     .   (gloves currently unavailable)
MR       +....                  (boots currently unavailable)
Stlth    +.........             t - amulet of guardian spirit
HPRegen  0.25/turn              i - ring of magical power
MPRegen  0.26/turn              v - +4 ring of strength

@: ice-form
A: large
a: End Transformation, Renounce Religion


You were on level 5 of the Lair of Beasts.
You worshipped Vehumet.
Vehumet was greatly pleased with you.
You were not hungry.
You were a creature of crystalline ice.
You visited 3 branches of the dungeon, and saw 16 of its levels.

You collected 971 gold pieces.
You spent 364 gold pieces at shops.

Inventory:

Hand Weapons
 r - a +0 blowgun
Missiles
 f - 80 arrows (quivered)
 J - 6 curare-tipped needles
Armour
 a - the +1 leather armour "Xyseedoa" (melded) {+Fly rF++ rN+ Int-4}
   (You found it on level 4 of the Dungeon)

   It affects your intelligence (-4).
   It greatly protects you from fire.
   It protects you from negative energy.
   It lets you fly.
 k - a +0 pair of gloves (melded)
 m - a scarf of repulsion (melded)
 s - a +0 pair of boots (melded)
 w - a +1 helmet (melded)
Magical Staves
 E - an uncursed staff of earth
Jewellery
 i - a ring of magical power (left front paw)
 t - an amulet of guardian spirit (around neck)
 v - a +4 ring of strength (right front paw)
 Q - an uncursed amulet of rage {unknown}
Wands
 b - a wand of polymorph (7)
 g - a wand of flame (128)
 u - a wand of digging (19)
 x - a wand of iceblast (5)
 z - a wand of clouds (10)
 K - a wand of paralysis (33)
 O - a wand of scattershot (6)
 S - a wand of enslavement (18)
Scrolls
 c - 4 scrolls of enchant armour {!r}
 e - 4 scrolls of magic mapping {!r}
 l - 2 scrolls of fear {!r}
 o - 4 scrolls of remove curse {!r}
 p - 5 scrolls of enchant weapon {!r}
 y - 3 scrolls of blinking {!r}
 C - a scroll of vulnerability {!r, unknown}
 F - 3 scrolls of amnesia {!r, unknown}
 G - a scroll of random uselessness {!r}
 H - 2 scrolls of fog {!r}
 L - 2 scrolls of teleportation {!r}
 N - 2 scrolls of identify {!r}
Potions
 h - a potion of agility {!q}
 j - 4 potions of haste {!q}
 n - 3 potions of flight {!q}
 q - 2 potions of cancellation {!q}
 A - 2 potions of might {!q}
 B - 5 potions of curing {!q}
 D - 3 potions of brilliance {!q}
 M - 3 potions of mutation {!q}
 P - a potion of magic {!q, unknown}
 R - a potion of invisibility {!q}
Miscellaneous
 I - a lightning rod (4/4)
Comestibles
 d - 29 rations
 T - 4 chunks of flesh


   Skills:
 * Level 9.1 Fighting
 + Level 9.2 Dodging
 * Level 9.1 Unarmed Combat
 - Level 11.5 Spellcasting
 - Level 13.0 Transmutations


You had 9 spell levels left.
You knew the following spells:

 Your Spells              Type           Power        Failure   Level  Hunger
a - Beastly Appendage     Tmut           ######       1%          1    None
b - Blade Hands           Tmut           ######....   1%          5    ####...
c - Sticks to Snakes      Tmut           ######..     1%          2    None
d - Poisonous Vapours     Pois/Air       ##....       7%          2    None
e - Mephitic Cloud        Conj/Pois/Air  ##......     4%          3    None
f - Ice Form              Ice/Tmut       #####...     3%          4    None
g - Spider Form           Tmut/Pois      #####.....   1%          3    None
r - Regeneration          Chrm/Necr      ##........   14%         3    None
v - Blink                 Tloc           N/A          7%          2    None

Your spell library contained the following spells:

 Spells                   Type           Power        Failure   Level  Hunger
 Magic Dart               Conj           ##..         1%          1    None
 Conjure Flame            Conj/Fire      ##......     4%          3    None
 Bolt of Magma            Conj/Fire/Erth ##........   30%         5    ####...
 Slow                     Hex            ##......     7%          2    None
 Confuse                  Hex            ##......     14%         3    None
 Venom Bolt               Conj/Pois      ##........   30%         5    ####...
 Olgreb's Toxic Radiance  Pois           ##......     12%         4    None
 Call Imp                 Summ           ##......     7%          2    None
 Sting                    Conj/Pois      ##..         1%          1    None
 Tukima's Dance           Hex            ##......     14%         3    None
 Iron Shot                Conj/Erth      ##........   83%         6    #####..
 Statue Form              Tmut/Erth      #####....    43%         6    #####..
 Deflect Missiles         Chrm/Air       ##........   100%        6    #####..
 Ensorcelled Hibernation  Hex/Ice        ##....       7%          2    None
 Silence                  Hex/Air        ##........   77%         5    ####...
 Shatter                  Erth           ##........   100%        9    #######
 Corona                   Hex            ##.....      4%          1    None
 Conjure Ball Lightning   Conj/Air       ##........   83%         6    #####..
 Tornado                  Air            ##........   100%        9    #######
 Leda's Liquefaction      Hex/Erth       ##........   41%         4    None
 Shroud of Golubria       Chrm/Tloc      ##........   7%          2    None
 Dazzling Spray           Conj/Hex       ##....       4%          3    None
 Infusion                 Chrm           ##..         4%          1    None
 Song of Slaying          Chrm           ##......     7%          2    None
 Spectral Weapon          Hex/Chrm       ##......     14%         3    None
 Summon Lightning Spire   Summ/Air       ##......     41%         4    None


Dungeon Overview and Level Annotations

Branches:
Dungeon (10/15)            Temple (1/1) D:4            Lair (5/6) D:10
  Swamp (0/4) Lair:3       Spider (0/4) Lair:4        Slime (0/5) Lair:5
    Orc (0/2) D:10

Altars:
Ashenzari
Cheibriados
Dithmenos
Elyvilon
Fedhas
Gozag
Hepliaklqana
Kikubaaqudgha
Makhleb
Nemelex Xobeh
Okawaru
Qazlal
Ru
Sif Muna
Trog
Uskayaw
Vehumet
Wu Jian
Xom
Yredelemnul
Zin
The Shining One
Jiyva

Shops:
D:9 !

Annotations:
D:3 2 runed doors, gmonis's ghost, amateur MiBe


Message History

Unknown command.
You barely miss the seven-headed hydra.
The seven-headed hydra completely misses you.
The seven-headed hydra bites you!
* * * LOW HITPOINT WARNING * * *
The seven-headed hydra bites you.
* * * LOW HITPOINT WARNING * * *
The seven-headed hydra bites you but does no damage.
The seven-headed hydra barely misses you.
The seven-headed hydra completely misses you.
The seven-headed hydra closely misses you.
A crocodile comes into view.
Unknown command.
You punch the seven-headed hydra!
The seven-headed hydra seems to slow down.
You freeze the seven-headed hydra.
The seven-headed hydra is moderately wounded.
A five-headed hydra comes into view.
The seven-headed hydra barely misses you.
The seven-headed hydra closely misses you.
The seven-headed hydra bites you!
* * * LOW HITPOINT WARNING * * *
The seven-headed hydra bites you.
* * * LOW HITPOINT WARNING * * *
The seven-headed hydra bites you!
* * * LOW HITPOINT WARNING * * *
The seven-headed hydra bites you.
* * * LOW HITPOINT WARNING * * *
The seven-headed hydra completely misses you.
The dream sheep bites you!
* * * LOW HITPOINT WARNING * * *
Unknown command.
Unknown command.
Unknown command.
Really read
l - 3 scrolls of fear {!r}?
As you read the scroll of fear {!r}, it crumbles to dust.
You assume a fearsome visage.
The crocodile looks frightened!
The dream sheep looks frightened!
The dream sheep bleats in terror.
The dream sheep looks frightened!
The dream sheep panics and turns to flee.
The dream sheep looks frightened!
The dream sheep panics and turns to flee.
The dream sheep looks frightened!
The dream sheep bleats in terror.
The dream sheep looks frightened!
The dream sheep is struck with panic!
The seven-headed hydra resists with some effort.
The five-headed hydra looks frightened!
You punch the seven-headed hydra!
The seven-headed hydra seems to slow down.
You freeze the seven-headed hydra.
The seven-headed hydra is heavily wounded.
The seven-headed hydra barely misses you.
The seven-headed hydra bites you!
* * * LOW HITPOINT WARNING * * *
The seven-headed hydra bites you but does no damage.
The seven-headed hydra bites you.
* * * LOW HITPOINT WARNING * * *
The seven-headed hydra completely misses you.
The seven-headed hydra bites you!
* * * LOW HITPOINT WARNING * * *
The seven-headed hydra bites you.
You die...

#..|.t ...## .Y...<
....#
....YY####..P##.........
.Y.....#...P..P.........
..........P.............
.....Y..................
........................
......DY................
........................
##...P..#.+##P..........
#....P#.#..#P......####.
#....#####.###.....## #.
##... ##....##.....P####
....
#....##....###.....##...
.PP##
#..........P#......###..
.P..##
...P###PP...........+.


You could see a seven-headed hydra, a crocodile (fleeing) and 5 dream sheep.

Vanquished Creatures
  Harold (Lair:3)
  Sonja (Lair:2)
  Nergalle (Lair:2)
  An oklob plant (Lair:4)
  4 black mambas
  4 elephants (Lair:3)
  7 spiny frogs
  6 komodo dragons
  A polar bear (Lair:2)
  10 blink frogs
  4 hippogriffs
  A spriggan (D:9)
  Eustachio (D:4)
  29 yaks
  3 basilisks
  Duvessa (D:3)
  11 water moccasins
  4 porcupines
  5 orc warriors
  2 sky beasts
  A slave (D:9)
  A black bear (D:10)
  An ice beast (D:7)
  3 ogres
  5 wolves (Lair:4)
  2 phantoms
  10 centaurs
  10 crocodiles
  A big kobold (D:7)
  13 bullfrogs
  Dowan (D:4)
  5 scorpions
  6 killer bees
  2 vampire bats (D:8)
  6 howler monkeys
  An electric eel (Lair:3)
  5 crimson imps
  A bullfrog zombie (D:7)
  7 hounds
  A quasit (D:10)
  2 jellies
  11 orc wizards
  2 bullfrog skeletons
  7 orc priests
  5 iguanas
  4 worker ants
  A mummy (D:5)
  A worker ant zombie (D:10)
  5 gnolls (D:2)
  A howler monkey skeleton (D:7)
  13 adders
  2 shadow imps
  2 adder zombies
  3 adder skeletons
  2 dart slugs
  2 leopard geckos
  47 orcs
  2 ball pythons
  7 bats
  3 bat skeletons (D:8)
  2 bat zombies (D:8)
  7 giant cockroaches
  8 goblins
  16 hobgoblins
  7 jackals
  2 quokkas
  A ball python zombie (D:5)
  3 frilled lizards
  A giant cockroach zombie (D:6)
  3 hobgoblin zombies (D:5)
  13 kobolds
  A kobold zombie (D:5)
  A leopard gecko zombie (D:8)
  2 quokka skeletons (D:4)
  14 rats
382 creatures vanquished.

Vanquished Creatures (collateral kills)
  3 hydras
  Pikel (D:9)
  A spiny frog (Lair:4)
  A blink frog (Lair:1)
  A hippogriff (Lair:1)
  4 yaks
  2 water moccasins (Lair:1)
  2 orc warriors (D:9)
  2 slaves (D:9)
  6 killer bees
  A centaur skeleton (D:4)
  2 orc priests
  A worker ant (D:2)
  A killer bee zombie (D:7)
  A gnoll (D:2)
  An ooze (D:2)
  An orc (D:9)
31 creatures vanquished.

Vanquished Creatures (others)
  5 fungi
  3 plants
8 creatures vanquished.

Grand Total: 421 creatures vanquished

Notes
Turn   | Place    | Note
-------+----------+-------------------------------------------
     0 | D:1      | Amnesiac the Deep Elf Transmuter began the quest for the Orb.
     0 | D:1      | Reached XP level 1. HP: 11/11 MP: 6/6
   284 | D:1      | Reached skill level 3 in Transmutations
   459 | D:1      | Reached XP level 2. HP: 14/16 MP: 8/8
   463 | D:1      | Learned a level 2 spell: Sticks to Snakes
   763 | D:2      | Reached XP level 3. HP: 12/20 MP: 9/9
   768 | D:2      | Learned a level 3 spell: Spider Form
   843 | D:2      | Reached skill level 4 in Transmutations
   941 | D:3      | Reached XP level 4. HP: 7/24 MP: 11/11
  1272 | D:4      | Reached skill level 1 in Fighting
  1338 | D:4      | Noticed Dowan
  1370 | D:4      | Killed Dowan
  1370 | D:4      | Reached XP level 5. HP: 15/30 MP: 12/12
  1414 | D:4      | Noticed Duvessa
  1544 | D:4      | Noticed an ogre
  1558 | D:3      | Killed Duvessa
  1881 | D:3      | Reached XP level 6. HP: 35/37 MP: 13/13
  1965 | D:4      | Noticed Eustachio
  1984 | D:4      | Killed Eustachio
  2222 | D:4      | Found a stormy altar of Qazlal.
  2280 | D:4      | Found a shadowy altar of Dithmenos.
  2286 | D:4      | Got a warped leather armour
  2345 | D:4      | Found a staircase to the Ecumenical Temple.
  2482 | Temple   | Entered the Ecumenical Temple
  2550 | Temple   | Became a worshipper of Vehumet
  2761 | D:1      | Reached XP level 7. HP: 43/43 MP: 14/14
  2783 | D:1      | Identified the cursed +1 leather armour "Xyseedoa" {+Fly rF++ rN+ Int-4} (You found it on level 4 of the Dungeon)
  3603 | D:2      | Reached * piety under Vehumet
  3603 | D:2      | Offered knowledge of Freeze by Vehumet.
  3976 | D:2      | Reached skill level 5 in Dodging
  4730 | D:3      | Found a snail-covered altar of Cheibriados.
  4769 | D:3      | Found a large runed door.
  4769 | D:3      | Found a large runed door.
  4770 | D:3      | Noticed gmonis's ghost (amateur MiBe)
  4917 | D:3      | Found a burning altar of Makhleb.
  5442 | D:5      | Entered Level 5 of the Dungeon
  5537 | D:5      | Found a sparkling altar of Nemelex Xobeh.
  5792 | D:5      | Reached skill level 5 in Fighting
  6192 | D:5      | Reached ** piety under Vehumet
  6192 | D:5      | Offered knowledge of Throw Flame by Vehumet.
  6565 | D:6      | Reached XP level 8. HP: 49/49 MP: 15/15
  6810 | D:6      | Found a deep blue altar of Sif Muna.
  7217 | D:6      | Reached skill level 5 in Transmutations
  7696 | D:7      | Learned a level 5 spell: Blade Hands
  7778 | D:7      | Reached skill level 6 in Transmutations
  7810 | D:7      | Reached skill level 5 in Spellcasting
  7874 | D:7      | Offered knowledge of Searing Ray by Vehumet.
  7929 | D:7      | Reached skill level 7 in Transmutations
  7962 | D:7      | Reached XP level 9. HP: 29/54 MP: 1/19
  8520 | D:8      | Found an ancient bone altar of Kikubaaqudgha.
  8616 | D:8      | Reached skill level 8 in Transmutations
  8624 | D:8      | Reached *** piety under Vehumet
  8776 | D:8      | Found an iron altar of Okawaru.
  9055 | D:8      | Offered knowledge of Olgreb's Toxic Radiance by Vehumet.
  9144 | D:8      | Reached skill level 9 in Transmutations
  9779 | D:9      | Reached skill level 10 in Transmutations
  9878 | D:9      | Found Sewaosant's Distillery.
  9909 | D:9      | Bought a potion of heal wounds for 70 gold pieces
  9909 | D:9      | Bought a potion of mutation for 112 gold pieces
  9909 | D:9      | Bought a potion of lignification for 42 gold pieces
  9909 | D:9      | Bought a potion of haste for 140 gold pieces
  9933 | D:9      | Reached **** piety under Vehumet
 10163 | D:9      | Reached XP level 10. HP: 52/59 MP: 24/24
 10189 | D:9      | Learned a level 3 spell: Mephitic Cloud
 10389 | D:9      | Offered knowledge of Sticky Flame by Vehumet.
 10474 | D:9      | Learned a level 4 spell: Ice Form
 10522 | D:9      | Reached skill level 11 in Transmutations
 10829 | D:9      | Reached ***** piety under Vehumet
 10832 | D:9      | Offered knowledge of Spellforged Servitor by Vehumet.
 10980 | D:9      | Learned a level 2 spell: Poisonous Vapours
 10989 | D:9      | Reached skill level 10 in Spellcasting
 11004 | D:9      | Reached skill level 12 in Transmutations
 11279 | D:9      | Noticed Pikel
 11300 | D:9      | Killed Pikel
 11355 | D:10     | Entered Level 10 of the Dungeon
 11688 | D:10     | Reached XP level 11. HP: 40/63 MP: 27/27
 11955 | D:10     | Found a staircase to the Orcish Mines.
 12094 | D:10     | Reached skill level 13 in Transmutations
 12099 | D:10     | Found a staircase to the Lair.
 12137 | D:10     | Found an ancient bone altar of Kikubaaqudgha.
 12713 | Lair:1   | Entered Level 1 of the Lair of Beasts
 12755 | Lair:1   | Learned a level 2 spell: Blink
 12759 | Lair:1   | Learned a level 3 spell: Regeneration
 12881 | Lair:1   | Noticed a five-headed hydra
 12921 | Lair:1   | Killed a five-headed hydra
 12996 | Lair:1   | Reached skill level 5 in Unarmed Combat
 13968 | Lair:2   | Noticed Sonja
 14266 | Lair:2   | Killed Sonja
 14268 | Lair:2   | Noticed Nergalle
 14337 | Lair:2   | Killed Nergalle
 14740 | Lair:2   | Reached XP level 12. HP: 40/72 MP: 29/29
 14982 | Lair:2   | Noticed a six-headed hydra
 15004 | Lair:2   | Killed a six-headed hydra
 15755 | Lair:3   | Offered knowledge of Ozocubu's Refrigeration by Vehumet.
 15967 | Lair:3   | Noticed Harold
 16266 | Lair:3   | Found a staircase to the Swamp.
 16295 | Lair:3   | Killed Harold
 18080 | Lair:4   | Found a hole to the Spider Nest.
 18297 | Lair:4   | Noticed a five-headed hydra
 18324 | Lair:4   | Killed a five-headed hydra
 18532 | Lair:5   | Found a staircase to the Slime Pits.
 18533 | Lair:5   | Found a viscous altar of Jiyva.
 18676 | Lair:5   | Noticed a seven-headed hydra
 18684 | Lair:5   | Noticed a five-headed hydra
 18686 | Lair:5   | HP: 4/91 [seven-headed hydra (5)]
 18686 | Lair:5   | Slain by a seven-headed hydra

Vault maps used:
D:1:      nzn_arrival_settlement, st_stairs_3
D:2:      first_ration, minmay_randomly_rotated_circles
D:3:      nicolae_overflow_hidden_temple, makhleb_blood_cavern_becter,
          ebering_ghost_disaster_area, minmay_misc_feat_rows
D:4:      old_standard_altar, marbit_many_paths, temple_statues,
          kennysheep_small_square, uniq_duvessa, uniq_eustachio
D:5:      kennysheep_mini_moat, minmay_mini_ossuary
D:6:      kennysheep_little_box
D:8:      kennysheep_vampire_church, basic_altar, minmay_misc_feat_x
D:9:      special_room, serial_shops, shop, the_bakery, hangedman_decor_growths,
          uniq_pikel
D:10:     grunt_lair_entry_orc_guard_hut, orc_0_dummy, basic_altar
Temple:   eino_wide_crystal_templ
Lair:1:   wad_woods_road_02
Lair:2:   serial_bayou_shore_a, uniq_nergalle, uniq_sonja
Lair:3:   swamp_mist_pool, grunt_megastairs_4, serial_bayou_shore_b, uniq_harold
Lair:4:   dummy_spider_entry, lemuel_fruit_fields, lemuel_fruit_tree
Lair:5:   slime_altar_1, nicolae_quartered_pool_medium, minivault_25

Skill      XL: |  1  2  3  4  5  6  7  8  9 10 11 12 |
---------------+-------------------------------------+-----
Transmutations | 3 4 7 10 12 13 | 13.0
Fighting       | 2 3 4 5 7 9 |  9.1
Dodging        | 4 7 8 9 |  9.2
Spellcasting   | 5 8 10 11 | 11.5
Unarmed Combat | 3 7 9 |  9.1

Action                   |  1- 3 |  4- 6 |  7- 9 | 10-12 || total
-------------------------+-------+-------+-------+-------++-------
Melee: Unarmed           |    59 |    99 |   916 |   670 ||  1744
       Kick              |     6 |       |       |       ||     6
       Headbutt          |     1 |       |       |       ||     1
       Punch             |       |       |     1 |    14 ||    15
 Fire: Blowgun           |       |       |       |     7 ||     7
 Cast: Beastly Appendage |     9 |       |       |       ||     9
       Sticks to Snakes  |    10 |     3 |    23 |    46 ||    82
       Spider Form       |     4 |    17 |    75 |    13 ||   109
       Mephitic Cloud    |       |       |       |     6 ||     6
       Blade Hands       |       |       |       |    61 ||    61
       Poisonous Vapours |       |       |       |     3 ||     3
       Ice Form          |       |       |       |     2 ||     2
       Blink             |       |       |       |     2 ||     2
 Abil: End Transformatio |       |       |       |     2 ||     2
Evoke: Wand              |       |       |       |     1 ||     1
  Use: Scroll            |       |       |    17 |     2 ||    19
       Potion            |       |       |     9 |     4 ||    13
 Stab: Sleeping          |       |       |     3 |       ||     3
       Distracted        |       |       |     1 |     1 ||     2
       Paralysed         |       |       |       |     2 ||     2
       Invisible         |       |       |       |     1 ||     1
  Eat: Chunk             |     1 |     8 |    31 |    33 ||    73
       Ration            |       |       |       |     2 ||     2
Armor: Robe              |     7 |       |       |       ||     7
       Skin              |       |     4 |    22 |    17 ||    43
       Leather armour    |       |       |   104 |    86 ||   190
Dodge: Dodged            |    46 |    78 |   934 |   533 ||  1591
       Deflected         |       |       |     6 |     3 ||     9

Table legend:
 A = Spawn XP
 B = Non-spawn XP
 C = Spawn XP percentage of total XP
 D = Spawn monster count
 E = Non-spawn monster count
 F = Spawn count percentage of total count
 G = Total turns spent on level
                    A         B        C        D         E        F      G
               +---------+---------+-------+---------+---------+-------+---------
         Total |       0 |   37825 |   0.0 |       0 |     410 |   0.0 | 18686
               +---------+---------+-------+---------+---------+-------+---------
           D:1 |       0 |      52 |   0.0 |       0 |      35 |   0.0 |  1384
           D:2 |       0 |     150 |   0.0 |       0 |      25 |   0.0 |  1472
           D:3 |       0 |     345 |   0.0 |       0 |      30 |   0.0 |  1558
           D:4 |       0 |     443 |   0.0 |       0 |      11 |   0.0 |   952
           D:5 |       0 |     416 |   0.0 |       0 |      18 |   0.0 |   941
           D:6 |       0 |     414 |   0.0 |       0 |      18 |   0.0 |  1038
           D:7 |       0 |    1221 |   0.0 |       0 |      32 |   0.0 |   960
           D:8 |       0 |    1297 |   0.0 |       0 |      33 |   0.0 |  1120
           D:9 |       0 |    5392 |   0.0 |       0 |      78 |   0.0 |  1854
          D:10 |       0 |    2920 |   0.0 |       0 |      32 |   0.0 |  1358
        Lair:1 |       0 |    5528 |   0.0 |       0 |      28 |   0.0 |  1554
        Lair:2 |       0 |    5863 |   0.0 |       0 |      17 |   0.0 |  1087
        Lair:3 |       0 |    7160 |   0.0 |       0 |      26 |   0.0 |  1674
        Lair:4 |       0 |    5931 |   0.0 |       0 |      24 |   0.0 |  1434
        Lair:5 |       0 |     693 |   0.0 |       0 |       3 |   0.0 |   224
               +---------+---------+-------+---------+---------+-------+---------
